 Dungeon Crawl Stone Soup version 0.22.0-1-g6561e4c (webtiles) character file.

813 sking99 the Stinger (level 8, 44/44 HPs)
             Began as a Kobold Venom Mage on Aug 12, 2018.
             Was an Initiate of Sif Muna.
             Quit the game in the Ecumenical Temple.
             The game lasted 00:15:30 (7772 turns).

sking99 the Stinger (Kobold Venom Mage)             Turns: 7772, Time: 00:15:30

Health: 44/44      AC:  3    Str:  5    XL:     8   Next: 15%
Magic:  12/12      EV: 16    Int: 18    God:    Sif Muna [......]
Gold:   205        SH:  9    Dex: 16    Spells: 3/13 levels left

rFire    . . .     SeeInvis .   k - +0 long sword
rCold    . . .     Gourm    .   u - +3 buckler
rNeg     . . .     Faith    .   a - +0 robe
rPois    .         Spirit   .   (no helmet)
rElec    .         Reflect  .   (no cloak)
rCorr    .         Harm     .   b - +0 pair of gloves
MR       .....                  (no boots)
Stlth    ++........             (no amulet)
HPRegen  0.14/turn              (no ring)
MPRegen  0.13/turn              (no ring)

@: no status effects
A: small, carnivore
a: Renounce Religion


You were in the Ecumenical Temple.
You worshipped Sif Muna.
Sif Muna was noncommittal.
You were completely stuffed.

You visited 2 branches of the dungeon, and saw 6 of its levels.

You collected 205 gold pieces.

Inventory:

Hand Weapons
 k - a +0 long sword (weapon)
Armour
 a - a +0 robe (worn)
 b - a +0 pair of gloves (worn)
 u - a +3 buckler (worn)
Jewellery
 d - an uncursed ring of see invisible {unknown}
 t - an uncursed ring of protection from cold {unknown}
 v - an uncursed ring of stealth {unknown}
Scrolls
 e - a scroll of identify
 h - 2 scrolls of amnesia
 i - 2 scrolls of teleportation
 j - 2 scrolls of enchant armour
Potions
 f - a potion of curing
 g - 2 potions of degeneration
 l - a potion of heal wounds
 n - 2 potions of might
 o - a potion of lignification {unknown}
 p - a potion of brilliance {unknown}
 q - a potion of resistance {unknown}
 s - a potion of haste {unknown}
Comestibles
 c - 12 rations
 m - 3 chunks of flesh


   Skills:
 + Level 1.8 Fighting
 - Level 3.6 Dodging
 - Level 2.6 Stealth
 * Level 3.0 Shields
 - Level 3.1 Spellcasting
 - Level 4.0 Conjurations
 - Level 3.1 Air Magic
 + Level 4.9 Poison Magic


You had 3 spell levels left.
You knew the following spells:

 Your Spells              Type           Power        Failure   Level  Hunger
a - Sting                 Conj/Pois      ###.         3%          1    None
b - Poisonous Vapours     Pois/Air       ###...       6%          2    ##.....
c - Mephitic Cloud        Conj/Pois/Air  ###.....     12%         3    ###....
d - Olgreb's Toxic Radia  Pois           ###.....     26%         4    ####...

Your spell library contained the following spells:

 Spells                   Type           Power        Failure   Level  Hunger
 Venom Bolt               Conj/Pois      ###.......   67%         5    ######.


Dungeon Overview and Level Annotations

Branches:
Dungeon (5/15)             Temple (1/1) D:5

Altars:
Ashenzari
Cheibriados
Dithmenos
Fedhas
Hepliaklqana
Makhleb
Nemelex Xobeh
Qazlal
Sif Muna
Uskayaw
Wu Jian
Xom
Yredelemnul
The Shining One


Innate Abilities, Weirdness & Mutations

You are small and have problems with some larger weapons.
You are carnivorous and can eat meat at any time.


Message History

There is a stormy altar of Qazlal here.
Done exploring.
Done exploring.
Done exploring.
Done exploring.
There is a deep blue altar of Sif Muna here.
You kneel at the altar of Sif Muna.
Sif Muna welcomes you!
Unknown command.
Press < or > to pray at altars.
Autopickup is now off.
Are you sure you want to abandon this character and quit the game? (Confirm with "yes".)
Okay, then.
Unknown command.
Press < or > to pray at altars.
Unknown command.
Press < or > to pray at altars.
Unknown command.
Press < or > to pray at altars.
Are you sure you want to abandon this character and quit the game? (Confirm with "yes".)

##.## ##...## ##.._..##
##.......# #.._...###
###########
.....#########.._......#
....#####.............##
....#................##
#........######.@...##
###.........######.##
.....<........######
........###......###
##........###......##
......#....###......##
..#####....# ##.._...##
######.....# #......_.#
###..._..## ##########


There were no monsters in sight!

Vanquished Creatures
  3 ogres (D:4)
  2 scorpions (D:4)
  A centaur skeleton (D:4)
  A hound (D:5)
  2 orc priests
  A bullfrog skeleton (D:4)
  An orc wizard (D:3)
  3 worker ants (D:4)
  11 adders
  An ooze (D:3)
  3 worms
  A dart slug (D:1)
  2 leopard geckos
  15 orcs
  3 ball pythons
  5 bats
  2 giant cockroaches (D:3)
  17 hobgoblins
  5 jackals
  7 kobolds
  2 quokkas (D:2)
  4 frilled lizards
  7 goblins
  A quokka skeleton (D:4)
  5 rats
105 creatures vanquished.

Notes
Turn   | Place    | Note
-------+----------+-------------------------------------------
     0 | D:1      | sking99 the Kobold Venom Mage began the quest for the Orb.
     0 | D:1      | Reached XP level 1. HP: 10/10 MP: 3/3
   369 | D:1      | Reached XP level 2. HP: 10/15 MP: 0/5
   535 | D:1      | Learned a level 2 spell: Poisonous Vapours
   903 | D:1      | Reached XP level 3. HP: 19/19 MP: 2/6
  1877 | D:2      | Reached skill level 1 in Air Magic
  1877 | D:2      | Reached XP level 4. HP: 24/24 MP: 0/8
  2525 | D:2      | Reached XP level 5. HP: 28/28 MP: 6/9
  3061 | D:2      | Found a faded altar of an unknown god.
  4171 | D:3      | Found a snail-covered altar of Cheibriados.
  4211 | D:3      | Reached XP level 6. HP: 28/32 MP: 0/10
  5953 | D:4      | Found a shattered altar of Ashenzari.
  5954 | D:4      | Noticed an ogre
  5956 | D:4      | Noticed a phantom
  5964 | D:4      | Killed an ogre
  5964 | D:4      | Reached skill level 1 in Shields
  6318 | D:4      | Reached XP level 7. HP: 29/36 MP: 7/11
  6862 | D:4      | Learned a level 3 spell: Mephitic Cloud
  6867 | D:4      | Learned a level 4 spell: Olgreb's Toxic Radiance
  7109 | D:4      | Reached skill level 1 in Fighting
  7217 | D:4      | Reached XP level 8. HP: 36/43 MP: 3/12
  7585 | D:5      | Entered Level 5 of the Dungeon
  7663 | D:5      | Found a staircase to the Ecumenical Temple.
  7680 | Temple   | Entered the Ecumenical Temple
  7771 | Temple   | Became a worshipper of Sif Muna the Loreminder
  7772 | Temple   | Quit the game

Skill      XL: |  1  2  3  4  5  6  7  8 |
---------------+-------------------------+-----
Dodging        | 3 |  3.6
Air Magic      | 1 2 3 |  3.1
Conjurations   | 2 3 4 |  4.0
Spellcasting   | 3 |  3.1
Shields        | 1 2 3 |  3.0
Poison Magic   | 4 |  4.9
Fighting       | 1 |  1.8
Stealth        | |  2.6

Action                   |  1- 3 |  4- 6 |  7- 9 || total
-------------------------+-------+-------+-------++-------
Melee: Unarmed           |     7 |       |       ||     7
       Short sword       |     3 |   129 |    28 ||   160
       Long sword        |       |       |     3 ||     3
 Cast: Sting             |    37 |    79 |    38 ||   154
       Poisonous Vapours |    21 |    57 |    22 ||   100
  Use: Scroll            |       |    10 |     1 ||    11
 Stab: Sleeping          |       |     1 |       ||     1
       Distracted        |       |       |     1 ||     1
  Eat: Chunk             |    13 |    14 |     9 ||    36
Armor: Robe              |     1 |     8 |     7 ||    16
Dodge: Dodged            |    18 |   103 |    25 ||   146
Block: Buckler           |       |    36 |    22 ||    58
       Rpst.: Long sword |       |       |     1 ||     1
